 Dungeon Crawl Stone Soup version 0.29.0-4-gdea44cf6ec (webtiles) character file.

Game seed: 9944347254855941133

455 qw the Chopper (level 7, 0/54 HPs)
             Began as a Formicid Cinder Acolyte on Sept 3, 2022.
             Was a Priest of Ignis.
             Slain by an iguana (7 damage)
             ... on level 4 of the Dungeon.
             The game lasted 00:02:00 (4482 turns).

qw the Chopper (Formicid Cinder Acolyte)            Turns: 4482, Time: 00:02:00

Health: 0/54       AC: 15    Str: 20    XL:     7   Next: 26%
Magic:  8/8        EV: 10    Int: 14    God:    Ignis [***...]
Gold:   485        SH:  0    Dex:  9    Spells: 8/8 levels left

rFire   + . .      SeeInvis +   f - +0 war axe
rCold   . . .      Faith    .   (no shield)
rNeg    + . .      Spirit   .   d - +0 scale mail
rPois   .          Reflect  .   (helmet unavailable)
rElec   .          Harm     .   l - +0 cloak
rCorr   +          Rampage  .   k - +0 pair of gloves
Will    .....                   (no boots)
Stlth   ..........              (no amulet)
HPRegen 0.18/turn               a - ring of positive energy
MPRegen 0.11/turn               e - ring of resist corrosion

@: lethally poisoned (0 -> -8), fiery-armoured
A: permanent stasis, dig shafts and tunnels, antennae 3, four strong arms
a: Dig, Shaft Self, Renounce Religion, Fiery Armour, Foxfire Swarm, Rising Flame


You were on level 4 of the Dungeon.
You worshipped Ignis.
Ignis was most pleased with you.
You visited 1 branch of the dungeon, and saw 4 of its levels.

You collected 485 gold pieces.


Innate Abilities, Weirdness & Mutations

You cannot be hasted, slowed, berserked, paralysed or teleported.
You can dig through walls and to a lower floor.
You have a pair of large antennae on your head. (SInv)
Your four strong arms can wield two-handed weapons with a shield.


   Skills:
 - Level 4.0 Fighting
 + Level 6.8 Axes
 - Level 2.1 Armour
 - Level 1.1 Dodging
 - Level 1.1 Spellcasting
 - Level 3.0 Fire Magic


You had 8 spell levels left.
You didn't know any spells.
Your spell library contained the following spells:

 Spells                   Type           Power      Damage    Failure   Level
 Scorch                   Fire           18%        2d5       32%         2

Inventory:

Hand Weapons
 f - a +0 war axe (weapon)
 Y - a -1 hand axe of flaming
Armour
 d - a +0 scale mail (worn)
 k - a +0 pair of gloves (worn)
 l - a +0 cloak (worn)
Jewellery
 a - a ring of positive energy (left hand)
 c - a ring of fire
 e - a ring of resist corrosion (right hand)
Scrolls
 b - a scroll of identify
Potions
 j - a potion of magic {unknown}

Dungeon Overview and Level Annotations

Branches:
Dungeon (4/15)
 Temple: D:4-7

Altars:
Ashenzari
Kikubaaqudgha
Makhleb
Ru
Sif Muna
Uskayaw
Vehumet

Annotations:
D:3 2 transporters, qw's ghost, amateur TrCA


Message History

You hit the scorpion. The iguana bites you. The scorpion stings you.
You hit the iguana.
The iguana is moderately wounded.
You barely miss the scorpion. The scorpion barely misses you.
The iguana closely misses you.
You closely miss the iguana.
The iguana is moderately wounded.
You hit the scorpion. The scorpion closely misses you.
The iguana bites you but does no damage.
The scorpion stings you but does no damage.
You hit the iguana but do no damage.
The iguana is moderately wounded.
You hit the scorpion. The iguana barely misses you. The scorpion stings you.
The iguana hisses menacingly.
The iguana closely misses you.
You hit the scorpion. Your punch misses the scorpion.
The scorpion is severely wounded.
You closely miss the iguana. The scorpion stings you.
The iguana bites you but does no damage.
You hit the scorpion.
The scorpion is severely wounded.
You closely miss the iguana. The scorpion stings you.
You are poisoned.
The scorpion poisons you! The iguana bites you!
The scorpion stings you but does no damage.
4481 ||| INVOKING Fiery Armour.
A protective cloak of flame settles atop you.
You feel very sick. The scorpion closely misses you.
The iguana closely misses you.
You slash the scorpion!
You kill the scorpion!
You barely miss the iguana.
You feel very sick. The iguana bites you!
You die...

#..#.)#..# ...#.###...#####
#...##...# ...........#
#...##...# #........#.#
#..#..#..# ######.###.#.#
##......## ....# #.#.#
.##....## # $..#.###.#.#
..####'####. #..#.......##
#.%)......+..##$l#.###....#
...########..$..@# #.##.#
#..#....).+...)..# #.##.#
..##......######'## #.##.#
..#........# ##...####.##.###.#
###..#..#..###.%...##....<....#
.%....##....'.)#.#..##.##.#####
%##..#..#..##.#.#.#.#..##.#
###........##..#.#..# #.# #
##......###.......# #.#


You could see an iguana.

Vanquished Creatures
  A scorpion (D:4)
  A necrophage (D:4)
  A jelly (D:4)
  A gnoll bouda (D:4)
  An iguana (D:4)
  6 orc wizards (D:3)
  2 gnolls (D:4)
  8 adders
  4 dart slugs
  6 orcs
  6 ball pythons
  6 endoplasms
  5 giant cockroaches
  6 hobgoblins
  2 bats (D:2)
  4 frilled lizards
  10 goblins
  4 kobolds
  5 rats
79 creatures vanquished.

Vanquished Creatures (others)
  10 plants (D:3)
10 creatures vanquished.

Grand Total: 89 creatures vanquished

Notes
Turn   | Place    | Note
-------+----------+-------------------------------------------
     0 | D:1      | qw the Formicid Cinder Acolyte began the quest for the Orb.
     0 | D:1      | Reached XP level 1. HP: 18/18 MP: 2/2
     0 | D:1      | 0 ||| qw: Version: 0.1-a-102-g441f92d
     0 | D:1      | 0 ||| qw: Game counter: 5222
     0 | D:1      | 0 ||| qw: Always use a shield: true
     0 | D:1      | 0 ||| qw: God list: Okawaru
     0 | D:1      | 0 ||| qw: Allow faded altars: false
     0 | D:1      | 0 ||| qw: Do Orc after D:15 true
     0 | D:1      | 0 ||| qw: Do second Lair branch before Depths: true
     0 | D:1      | 0 ||| qw: Lair rune preference: random
     0 | D:1      | 0 ||| qw: Plans: Normal
     0 | D:1      | 0 ||| PLANNING D:1-11
     1 | D:1      | Found a hide-covered altar of Uskayaw.
   212 | D:1      | Reached XP level 2. HP: 17/24 MP: 3/3
   536 | D:1      | 536 ||| Stepping ~*~*~tactically~*~*~ (stealth).
   779 | D:1      | 779 ||| Stepping ~*~*~tactically~*~*~ (stealth).
   902 | D:1      | Found a faded altar of an unknown god.
   918 | D:1      | 918 ||| INVOKING Fiery Armour.
  1090 | D:1      | 1090 ||| UPGRADING to +0 scale mail.
  1100 | D:1      | 1100 ||| DROPPING +0 robe.
  1101 | D:1      | 1101 ||| READING scroll labelled NAQIDA YSHI.
  1102 | D:1      | 1102 ||| READING scroll labelled TEUGRU BUSH.
  1141 | D:2      | Reached skill level 1 in Armour
  1141 | D:2      | Reached XP level 3. HP: 15/29 MP: 4/4
  1142 | D:2      | 1142 ||| INVOKING Fiery Armour.
  1288 | D:2      | 1288 ||| FLEEEEING.
  1289 | D:2      | 1289 ||| STAIRDANCE
  1320 | D:2      | Reached skill level 4 in Axes
  1320 | D:2      | 1320 ||| STAIRDANCE
  1610 | D:2      | Reached XP level 4. HP: 34/35 MP: 5/5
  1964 | D:2      | 1964 ||| UPGRADING to ring of positive energy.
  2007 | D:3      | 2007 ||| Stepping ~*~*~tactically~*~*~ (hiding).
  2009 | D:3      | 2009 ||| Stepping ~*~*~tactically~*~*~ (hiding).
  2079 | D:3      | Found a transporter.
  2127 | D:3      | 2127 ||| Stepping ~*~*~tactically~*~*~ (hiding).
  2130 | D:3      | 2130 ||| Stepping ~*~*~tactically~*~*~ (hiding).
  2242 | D:3      | 2242 ||| Stepping ~*~*~tactically~*~*~ (stealth).
  2243 | D:3      | 2243 ||| Stepping ~*~*~tactically~*~*~ (stealth).
  2336 | D:3      | Noticed qw's ghost (amateur TrCA)
  2361 | D:3      | Found a radiant altar of Vehumet.
  2378 | D:3      | 2378 ||| INVOKING Fiery Armour.
  2617 | D:3      | Found an ancient bone altar of Kikubaaqudgha.
  2618 | D:3      | 2618 ||| INVOKING Fiery Armour.
  2625 | D:3      | Reached skill level 5 in Axes
  2625 | D:3      | Reached XP level 5. HP: 36/41 MP: 6/6
  2629 | D:3      | Reached skill level 1 in Dodging
  2690 | D:3      | Found a shimmering blue altar of Sif Muna.
  2703 | D:3      | Reached XP level 6. HP: 46/47 MP: 7/7
  2804 | D:3      | Found a transporter.
  2830 | D:3      | Identified the +7 quarterstaff "Seemaanu" {vorpal, Contam
                  | Fly Dex+9 Stlth-}
  3088 | D:3      | Reached skill level 6 in Axes
  3125 | D:3      | 3125 ||| Stepping ~*~*~tactically~*~*~ (stealth).
  3255 | D:3      | Found a hide-covered altar of Uskayaw.
  3260 | D:3      | Found a sacrificial altar of Ru.
  3261 | D:3      | Found a burning altar of Makhleb.
  3363 | D:3      | Found a broken altar of Ashenzari.
  3624 | D:3      | 3624 ||| UPGRADING to +0 pair of gloves.
  3629 | D:3      | 3629 ||| UPGRADING to +0 cloak.
  3634 | D:3      | 3634 ||| UPGRADING to ring of resist corrosion.
  3635 | D:3      | 3635 ||| READING scroll labelled NOS OXZEANT.
  3636 | D:3      | 3636 ||| READING scroll labelled YNALIK WUS ZULL.
  3637 | D:3      | 3637 ||| READING scroll labelled JAMEL PITORA.
  3638 | D:3      | 3638 ||| READING 2 scrolls of identify.
  3638 | D:3      | 3638 ||| IDENTIFYING puce potion
  3639 | D:3      | 3639 ||| DROPPING potion of lignification.
  3640 | D:3      | 3640 ||| Stepping randomly (stuck).
  3641 | D:3      | 3641 ||| Stepping ~*~*~tactically~*~*~ (cloud).
  3887 | D:4      | 3887 ||| Stepping ~*~*~tactically~*~*~ (hiding).
  3891 | D:4      | 3891 ||| INVOKING Fiery Armour.
  3910 | D:4      | Reached XP level 7. HP: 29/54 MP: 8/8
  4353 | D:4      | 4353 ||| SWAPPING to +0 war axe.
  4368 | D:4      | 4368 ||| Stepping ~*~*~tactically~*~*~ (stealth).
  4369 | D:4      | 4369 ||| Stepping ~*~*~tactically~*~*~ (stealth).
  4480 | D:4      | HP: 13/54 [iguana (11)]
  4481 | D:4      | 4481 ||| INVOKING Fiery Armour.
  4482 | D:4      | Slain by an iguana

Levels and vault maps discovered:
D:1:      sevenhm_arrival_forest_fort_small_6, layout_rooms,
          chequers_ecumenical_altar_simple_redux
D:2:      layout_basic
D:3:      layout_loops_corners, palyth_temple_overflow_mages,
          mainiacjoe_overflow_paths, chequers_temple_overflow_statue_of_worship,
          gammafunk_ghost_gnarly_gnolls, serial_bayou_ford_a,
          corexii_corridor_pit
D:4:      minmay_polygon_palace, layout_loops_ring, mainiacjoe_overflow_alcove_2

Skill      XL: |  1  2  3  4  5  6 |
---------------+-------------------+-----
Armour         | 1 2 |  2.1
Axes           | 4 5 6 |  6.8
Dodging        | 1 |  1.1
Fighting       | 4 |  4.0
Spellcasting   | |  1.1
Fire Magic     | |  3.0

Action                   |  1- 3 |  4- 6 |  7- 9 || total
-------------------------+-------+-------+-------++-------
Melee: Hand axe          |    89 |   158 |    44 ||   291
       Punch             |       |     2 |       ||     2
       War axe           |       |       |    19 ||    19
Invok: Fiery Armour      |     2 |     3 |     1 ||     6
  Use: Scroll            |     2 |     4 |       ||     6
Armor: Robe              |     7 |       |       ||     7
       Scale mail        |    24 |    64 |    22 ||   110
Dodge: Dodged            |    50 |    72 |    30 ||   152

Table legend:
 A = Non-vault XP
 B = Vault XP
 C = Vault XP percentage of total XP
 D = Non-vault monster count
 E = Vault monster count
 F = Vault count percentage of total count
                 A         B        C        D         E       F
            +---------+---------+-------+---------+---------+-------
      Total |     197 |     536 |  73.1 |      52 |      27 |  34.2
            +---------+---------+-------+---------+---------+-------
        D:1 |      25 |       0 |   0.0 |      16 |       0 |   0.0
        D:2 |      50 |       0 |   0.0 |      15 |       0 |   0.0
        D:3 |      63 |     204 |  76.4 |      18 |       6 |  25.0
        D:4 |      59 |     332 |  84.9 |       3 |      21 |  87.5
            +---------+---------+-------+---------+---------+-------
